 Dungeon Crawl Stone Soup version 0.22-a0-373-gab1296c (webtiles) character file.

3066 b5mith the Spear-Bearer (level 9, 0/129 HPs)
             Began as a Minotaur Berserker on Apr 25, 2018.
             Was an Elder of Trog.
             Succumbed to a meliai's poison
             ... on level 8 of the Dungeon.
             The game lasted 00:19:03 (8198 turns).

b5mith the Spear-Bearer (Minotaur Berserker)        Turns: 8198, Time: 00:19:03

Health: 0/129      AC:  8    Str: 31      XL:     9   Next: 57%
Magic:  8/8        EV: 13    Int:  3 (4)  God:    Trog [****..]
Gold:   801        SH:  0    Dex: 11      Spells: 8/8 levels left

rFire    . . .     SeeInvis .   c - +0 scythe (venom)
rCold    + + .     Gourm    .   (shield currently unavailable)
rNeg     . . .     Faith    .   w - +4 ring mail {rC+}
rPois    .         Spirit   .   k - +0 hat
rElec    .         Reflect  .   s - +0 cloak
rCorr    .         Harm     +   (no gloves)
MR       .....                  (no boots)
Stlth    ..........             H - amulet of Linearity {Harm *Drain rC+}
HPRegen  0.31/turn              B - +2 ring of evasion
MPRegen  0.11/turn              (no ring)

@: berserking (expiring), lethally poisoned (0 -> -5), very quick
A: retaliatory headbutt, claws 1, horns 2, deformed body, deterioration 1,
strong 1
a: Berserk, Trog's Hand, Brothers in Arms, Renounce Religion


You were on level 8 of the Dungeon.
You worshipped Trog.
Trog was greatly pleased with you.
You were very hungry.

You visited 1 branch of the dungeon, and saw 8 of its levels.
You also visited: Bailey.

You collected 801 gold pieces.

Inventory:

Hand Weapons
 a - a +0 mace
 c - a +0 scythe of venom (weapon)
   (You took it off Sigmund on level 2 of the Dungeon)
Missiles
 t - 3 javelins of penetration
 G - 23 tomahawks of returning (quivered)
Armour
 b - a +0 animal skin
 d - a +0 ring mail
   (You found it on level 1 of the Dungeon)
 k - a +0 hat (worn)
   (You found it on level 2 of the Dungeon)
 s - a +0 cloak (worn)
   (You took it off Crazy Yiuf on level 3 of the Dungeon)
 w - a +4 ring mail of cold resistance (worn)
   (You found it on level 5 of the Dungeon)
 F - the +4 large shield of Bonin {-Cast Int+5}
   (You found it in a bailey)

   It affects your intelligence (+5).
   It prevents spellcasting.
Jewellery
 B - a +2 ring of evasion (left claw)
   (You found it on level 5 of the Dungeon)
 H - the amulet of Linearity (around neck) {Harm *Drain rC+}
   (You took it off a kobold in a bailey)

   [amulet of harm]

   It increases damage dealt and taken.
   It protects you from cold.
   It causes draining when unequipped.
Wands
 y - a wand of flame (26)
   (You found it on level 5 of the Dungeon)
 C - a wand of acid (6)
   (You found it on level 6 of the Dungeon)
 J - a wand of random effects (32)
   (You found it on level 7 of the Dungeon)
Scrolls
 e - 2 scrolls of amnesia {unknown}
 h - a scroll of noise {unknown}
 i - a scroll of fear {unknown}
 l - 4 scrolls of remove curse {@r2}
 n - 2 scrolls of fog {unknown}
 p - 3 scrolls of identify {@r1}
 q - 2 scrolls of magic mapping {unknown}
 v - a scroll of enchant weapon {unknown}
 x - 2 scrolls of teleportation {unknown}
 D - a scroll of random uselessness {unknown}
 E - a scroll of silence {unknown}
 I - a scroll of enchant armour {unknown}
Potions
 f - a potion of haste {unknown}
 g - 3 potions of curing {@q1}
 j - 3 potions of mutation {!q}
 m - a potion of flight
 r - a potion of heal wounds {unknown}
 u - a potion of resistance {unknown}
 z - a potion of degeneration {unknown}
 A - 2 potions of might {unknown}
Comestibles
 o - 12 rations
 K - 4 chunks of flesh


   Skills:
 + Level 10.4 Fighting
 - Level 6.2 Maces & Flails
 * Level 11.4 Polearms
 - Level 2.4 Armour
 - Level 2.1 Dodging


You had 8 spell levels left.
You didn't know any spells.

Dungeon Overview and Level Annotations

Branches:
Dungeon (8/15)             Temple (0/1) D:7
   Lair: D:8-11

Altars:
Ashenzari
Cheibriados
Dithmenos
Hepliaklqana
Okawaru
Trog
Vehumet
The Shining One


Innate Abilities, Weirdness & Mutations

You reflexively headbutt those who attack you in melee.
You have a pair of horns on your head.
You have sharp fingernails.
Armour fits poorly on your strangely shaped body.
Your body sometimes deteriorates upon taking damage.
Your muscles are strong. (Str +2)


Message History

A meliai comes into view. It is wielding a hand axe.
The meliai buzzes angrily.
A meliai comes into view. It is wielding a war axe.
The meliai mumbles some strange prayers to its god against you.
Something smites you!
A meliai comes into view.
It is wielding a war axe of electrocution.
The meliai buzzes angrily.
The meliai mumbles some strange prayers to its god against you.
Something smites you!
Your body deteriorates!
You feel dopey.
You barely miss the meliai. The meliai hits you with a hand axe!
The meliai barely misses you. The meliai hits you with a hand axe!
* * * LOW HITPOINT WARNING * * *
The meliai stings you.
* * * LOW HITPOINT WARNING * * *
The meliai hits you with a hand axe.
* * * LOW HITPOINT WARNING * * *
The meliai barely misses you.
A red film seems to cover your vision as you go berserk!
You feel yourself moving faster!
You feel mighty!
You are feeling very hungry.
The meliai hits you with a hand axe.
* * * LOW HITPOINT WARNING * * *
The meliai stings you.
* * * LOW HITPOINT WARNING * * *
The meliai invokes the aid of its god against you.
Something smites you!
* * * LOW HITPOINT WARNING * * *
Your ring mail prevents you from hitting the meliai.
You headbutt the meliai.
The meliai is lightly wounded.
The meliai hits you with a hand axe.
* * * LOW HITPOINT WARNING * * *
The meliai stings you but does no damage.
The meliai hits you with a hand axe!
* * * LOW HITPOINT WARNING * * *
The meliai stings you.
* * * LOW HITPOINT WARNING * * *
You are poisoned.
The meliai poisons you!
You closely miss the meliai.
The meliai is lightly wounded.
* * * LOW HITPOINT WARNING * * *
You feel sick. The meliai hits you but does no damage. The meliai misses you.
The meliai hits you with a hand axe.
* * * LOW HITPOINT WARNING * * *
The meliai misses you.
You are too berserk!
You feel a strong urge to attack something.
You die...

##### #.# #.# #.###...
..... #.# #.# #.# ##..
##### #.# #.####.###...
#.# #....#.##.... # #.#
####.#.##.... # ######.#
#.#.##.... #
#......#########.#.###...
# #.######.......#.#.#
##.. #########.#
#@#####.....######
..........# #.#
#..#........ ###########
#y# ##......)..> # #y#
##.#######. #.# #.# #.
#y# #.## #. #.# #..# #.
#.# ##.# ##. #.#
##.#####..


You could see 3 meliai.

Vanquished Creatures
  An orc knight (Bailey)
  The ghost of DunwichHorror the Skirmisher, a novice KoFi of Makhleb (D:4)
  A hippogriff (D:8)
  Sigmund (D:2)
  A spriggan (D:7)
  The ghost of yaymichael the Chiller, an amateur OpIE (D:5)
  2 orc warriors (Bailey)
  A sky beast (D:7)
  An ice beast (D:7)
  A phantom (D:4)
  An eye of draining (D:8)
  An ogre (D:7)
  2 centaurs (D:7)
  2 howler monkeys (D:7)
  3 crimson imps
  2 hounds
  An orc wizard (D:8)
  A gnoll shaman (D:7)
  Crazy Yiuf (D:3)
  A bullfrog skeleton (D:4)
  4 iguanas
  Natasha (thrice) (D:2)
  6 worker ants
  A hound zombie (D:7)
  A hound skeleton (D:5)
  Robin (D:2)
  7 adders
  7 gnolls
  An adder skeleton (D:7)
  3 worms
  A dart slug (D:1)
  3 leopard geckos
  8 orcs
  A ball python (D:3)
  5 bats
  7 giant cockroaches
  15 hobgoblins
  6 jackals
  16 kobolds
  2 quokkas
  4 frilled lizards
  16 goblins
  A jackal zombie (D:7)
  A leopard gecko skeleton (D:6)
  12 rats
158 creatures vanquished.

Notes
Turn   | Place    | Note
-------+----------+-------------------------------------------
     0 | D:1      | b5mith the Minotaur Berserker began the quest for the Orb.
     0 | D:1      | Reached XP level 1. HP: 19/19 MP: 0/0
   194 | D:1      | Reached XP level 2. HP: 27/27 MP: 1/1
  1052 | D:2      | Reached XP level 3. HP: 25/34 MP: 2/2
  1184 | D:2      | Noticed Natasha
  1191 | D:2      | Killed Natasha
  1242 | D:2      | Noticed Natasha
  1308 | D:2      | Killed Natasha
  1308 | D:2      | Reached ** piety under Trog
  1308 | D:2      | Reached skill level 5 in Fighting
  1308 | D:2      | Reached skill level 5 in Maces & Flails
  1308 | D:2      | Reached XP level 4. HP: 28/42 MP: 3/3
  1481 | D:2      | Noticed Sigmund
  1497 | D:2      | Killed Sigmund
  1497 | D:2      | Reached XP level 5. HP: 44/50 MP: 4/4
  1657 | D:2      | Noticed Robin
  1674 | D:2      | Killed Robin
  1674 | D:2      | Reached XP level 6. HP: 39/57 MP: 5/5
  1724 | D:2      | Reached skill level 1 in Polearms
  1966 | D:2      | Noticed Natasha
  1975 | D:2      | Killed Natasha
  2544 | D:3      | Found a runed door.
  2602 | D:3      | Reached skill level 2 in Polearms
  2894 | D:3      | Found a shattered altar of Ashenzari.
  2894 | D:3      | Found an iron altar of Okawaru.
  3261 | D:3      | Noticed Crazy Yiuf
  3267 | D:3      | Killed Crazy Yiuf
  3267 | D:3      | Reached *** piety under Trog
  3267 | D:3      | Reached skill level 3 in Polearms
  3833 | D:4      | Noticed DunwichHorror's ghost (novice KoFi)
  3838 | D:4      | Killed DunwichHorror's ghost
  3838 | D:4      | Reached skill level 5 in Polearms
  3838 | D:4      | Reached XP level 7. HP: 10/66 MP: 6/6
  4294 | D:4      | Received a gift from Trog
  4419 | D:4      | Reached skill level 6 in Polearms
  4889 | D:5      | Entered Level 5 of the Dungeon
  4936 | D:5      | Noticed yaymichael's ghost (amateur OpIE)
  4943 | D:5      | Killed yaymichael's ghost
  4943 | D:5      | Reached XP level 8. HP: 67/74 MP: 7/7
  5414 | D:5      | Reached skill level 7 in Polearms
  5561 | D:5      | Found a glowing drain.
  5753 | D:6      | Found a glowing golden altar of the Shining One.
  6068 | D:6      | Noticed a moth of wrath
  6070 | D:6      | Found a bloodstained altar of Trog.
  6264 | D:6      | Found a radiant altar of Vehumet.
  6264 | D:6      | Found a shadowy altar of Dithmenos.
  6415 | D:7      | Found a snail-covered altar of Cheibriados.
  6450 | D:7      | Found a hazy altar of Hepliaklqana.
  6455 | D:7      | Reached skill level 8 in Polearms
  6623 | D:7      | Reached skill level 9 in Polearms
  6655 | D:7      | Found a flagged portal.
  6661 | Bailey   | Entered a bailey
  6757 | Bailey   | Got a steaming ivory amulet
  6843 | Bailey   | Reached **** piety under Trog
  6895 | Bailey   | Noticed an orc knight
  6910 | Bailey   | Killed an orc knight
  6910 | Bailey   | Reached skill level 10 in Polearms
  6910 | Bailey   | Reached XP level 9. HP: 14/85 MP: 8/8
  7162 | Bailey   | Found an iron altar of Okawaru.
  7197 | Bailey   | Gained mutation: Armour fits poorly on your strangely shaped body. [potion of mutation]
  7197 | Bailey   | Gained mutation: Your body sometimes deteriorates upon taking damage. [potion of mutation]
  7197 | Bailey   | Gained mutation: You have sharp fingernails. [potion of mutation]
  7197 | Bailey   | Gained mutation: Your muscles are strong. (Str +2) [potion of mutation]
  7198 | Bailey   | Identified the amulet of Linearity {Harm *Drain rC+} (You took it off a kobold in a bailey)
  7256 | Bailey   | Got a scorched large shield
  7303 | D:7      | Identified the +4 large shield of Bonin {-Cast Int+5} (You found it in a bailey)
  7426 | D:7      | Reached skill level 10 in Fighting
  7685 | D:7      | Found a staircase to the Ecumenical Temple.
  7921 | D:8      | Reached skill level 11 in Polearms
  8055 | D:8      | Found a shadowy altar of Dithmenos.
  8190 | D:8      | Noticed a meliai
  8191 | D:8      | Noticed a meliai
  8192 | D:8      | Noticed a meliai
  8196 | D:8      | HP: 1/129 [meliai/hand axe (6)]
  8198 | D:8      | Succumbed to a meliai's poison

Vault maps used:
D:1:      scummos_arrival_simple_fountains
D:2:      minmay_misc_feat_square, uniq_natasha, uniq_sigmund, uniq_robin
D:3:      gammafunk_temple_overflow_elements, first_ration,
          uniq_crazy_yiuf_cottage
D:4:      roderic_roman_lattice, small_statue_intersection,
          mrwooster_statue_mirror
D:5:      cheibrodos_sewer_entry_bend
D:6:      gammafunk_temple_overflow_wave, nicolae_overflow_crystal_walls,
          tgw_trog
D:7:      overflow_temple_1_default, lemuel_doored_altar,
          minmay_temple_entry_poolview, enter_bailey_3, the_bakery
D:8:      nicolae_overflow_hidden_temple, basic_altar, kennysheep_cross_room
Bailey:   bailey_axe_3, bailey

Skill      XL: |  1  2  3  4  5  6  7  8  9 |
---------------+----------------------------+-----
Fighting       | 4 5 6 7 8 9 10 | 10.4
Maces & Flails | 4 5 6 |  6.2
Polearms       | 5 6 10 11 | 11.4
Armour         | |  2.4
Dodging        | |  2.1

Action                   |  1- 3 |  4- 6 |  7- 9 || total
-------------------------+-------+-------+-------++-------
Melee: Mace              |    63 |     7 |       ||    70
       Headbutt          |     7 |    16 |    26 ||    49
       Scythe            |       |   106 |   181 ||   287
Throw: Tomahawk          |       |       |    28 ||    28
Invok: Berserk           |     2 |     1 |     4 ||     7
  Use: Potion            |       |     1 |     2 ||     3
       Scroll            |       |       |     2 ||     2
  Eat: Chunk             |     2 |     5 |    15 ||    22
       Ration            |       |     1 |     1 ||     2
Armor: Ring mail         |    23 |    44 |    85 ||   152
       Animal skin       |     1 |       |       ||     1
Dodge: Dodged            |    49 |    65 |   186 ||   300

Table legend:
 A = Spawn XP
 B = Non-spawn XP
 C = Spawn XP percentage of total XP
 D = Spawn monster count
 E = Non-spawn monster count
 F = Spawn count percentage of total count
 G = Total turns spent on level
                    A         B        C        D         E        F      G
               +---------+---------+-------+---------+---------+-------+---------
         Total |       0 |    4381 |   0.0 |       0 |     158 |   0.0 |  8198
               +---------+---------+-------+---------+---------+-------+---------
           D:1 |       0 |      37 |   0.0 |       0 |      22 |   0.0 |  1025
           D:2 |       0 |     414 |   0.0 |       0 |      29 |   0.0 |  1434
           D:3 |       0 |     162 |   0.0 |       0 |      20 |   0.0 |  1086
           D:4 |       0 |     689 |   0.0 |       0 |      17 |   0.0 |  1344
           D:5 |       0 |     273 |   0.0 |       0 |       9 |   0.0 |   814
           D:6 |       0 |     118 |   0.0 |       0 |       9 |   0.0 |   697
           D:7 |       0 |    1245 |   0.0 |       0 |      25 |   0.0 |   822
           D:8 |       0 |     508 |   0.0 |       0 |      11 |   0.0 |   363
        Bailey |       0 |     935 |   0.0 |       0 |      16 |   0.0 |   613
               +---------+---------+-------+---------+---------+-------+---------
